 Dungeon Crawl Stone Soup version 0.29.1-1-gd02db6906a (webtiles) character file.

Game seed: 2604868200575186906

877 xian the Skirmisher (level 8, -5/48 HPs)
             Began as a Tengu Hunter on Oct 23, 2022.
             Was an Elder of Lugonu.
             Slain by a kobold brigand
             ... wielding a +0 club
              (8 damage)
             ... on level 6 of the Dungeon.
             The game lasted 00:14:08 (5591 turns).

xian the Skirmisher (Tengu Hunter)                  Turns: 5591, Time: 00:14:11

Health: -5/48      AC:  5    Str: 14    XL:     8   Next: 4%
Magic:  8/9        EV: 16    Int:  9    God:    Lugonu [****..]
Gold:   213        SH:  0    Dex: 18    Spells: 7/7 levels left

rFire   + . .      SeeInvis .   a - +0 shortbow
rCold   . . .      Faith    .   (shield currently unavailable)
rNeg    . . .      Spirit   .   z - +2 robe {rC+}
rPois   .          Reflect  .   (helmet restricted)
rElec   .          Harm     .   m - +0 cloak
rCorr   .          Rampage  .   (no gloves)
Will    .....                   (boots unavailable)
Stlth   ++........              (no amulet)
HPRegen 0.16/turn               i - ring of fire
MPRegen 0.11/turn               (no ring)

@: mighty, flying quickly and evasively, slowed, invisible, unable to read, very
slow
A: beak, talons 3, nimble flight, inability to read after injury 1
a: Renounce Religion, Depart the Abyss, Bend Space, Banish, Corrupt


You were on level 6 of the Dungeon.
You worshipped Lugonu.
Lugonu was greatly pleased with you.
You visited 1 branch of the dungeon, and saw 6 of its levels.
You also visited: Ossuary.

You collected 213 gold pieces.

Inventory:

Hand Weapons
 a - a +0 shortbow (weapon)
 y - a +3 scythe of venom
Armour
 e - a +0 kite shield
 m - a +0 cloak (worn)
 t - a +0 chain mail
 z - a +2 robe of cold resistance (worn)
Jewellery
 i - a ring of fire (left hand)
Scrolls
 b - 3 scrolls of immolation
 c - 2 scrolls of amnesia
 g - 2 scrolls of identify {unknown}
 h - a scroll of enchant armour {unknown}
 j - a scroll of blinking
 k - 2 scrolls of fear
 p - a scroll of vulnerability {unknown}
 w - 2 scrolls of teleportation
Potions
 d - a potion of cancellation {unknown}
 f - a potion of curing {unknown}
 l - 3 potions of brilliance
 n - 2 potions of heal wounds
 o - a potion of flight
 q - 2 potions of haste
 r - 2 potions of mutation
 s - a potion of might
 u - a potion of attraction {unknown}
 v - a potion of ambrosia {unknown}
 A - a potion of degeneration {unknown}


   Skills:
 + Level 4.0 Fighting
 + Level 9.1 Ranged Weapons
 + Level 1.4 Armour
 + Level 3.2 Dodging
 + Level 1.4 Stealth
 * Level 1.2 Invocations


You had 7 spell levels left.
You didn't know any spells.
Your spell library contained the following spells:

 Spells                   Type           Power      Damage    Failure   Level
 Freeze                   Ice            0%         1d3       38%         1
 Blink                    Tloc           0%         N/A       52%         2
 Frozen Ramparts          Ice            0%         1d1       77%         3
 Lesser Beckoning         Tloc           0%         N/A       77%         3
 Hailstorm                Conj/Ice       0%         3d3       99%         4
 Fireball                 Conj/Fire      0%         3d3       100%        5
 Manifold Assault         Tloc           0%         N/A       100%        5
 Starburst                Conj/Fire      0%         6d3       100%        6
 Ignition                 Fire           0%         3d3       100%        8


Dungeon Overview and Level Annotations

Branches:
Dungeon (6/15)             Temple (0/1) D:4         Ossuary (visited)

Altars:
Lugonu

Shops:
D:5 [


Innate Abilities, Weirdness & Mutations

You have a beak for a mouth.
You have claws for feet.
Your magical nature lets you fly swiftly and evasively.
You occasionally lose the ability to read scrolls when taking damage.


Message History

Fire: a) +0 shortbow
Press: ? - help, Q - select action, (/) - cycle Shift-Dir - straight line, f/p - kobold
Aim: a kobold, wielding a +0 short sword and quivering stones (moderately wounded, unable to see you, 61% to hit)
You shoot an arrow. The arrow closely misses the kobold.
The kobold closely misses you. The kobold hits you with a +0 club.
* * * LOW HITPOINT WARNING * * *
The kobold brigand barely misses you. The kobold misses you.
The kobold closely misses you. The kobold brigand barely misses you.
Fire: a) +0 shortbow
Press: ? - help, Q - select action, (/) - cycle Shift-Dir - straight line, f/p - kobold
Aim: a kobold, wielding a +0 short sword and quivering stones (moderately wounded, unable to see you, 61% to hit)
You shoot an arrow. The arrow completely misses the kobold.
The kobold misses you. The kobold hits you with a +0 club.
* * * LOW HITPOINT WARNING * * *
The kobold brigand barely misses you.
Fire: a) +0 shortbow
Press: ? - help, Q - select action, (/) - cycle Shift-Dir - straight line, f/p - kobold
Aim: a kobold, wielding a +0 short sword and quivering stones (moderately wounded, unable to see you, 61% to hit)
You shoot an arrow. The arrow hits the kobold.
You kill the kobold!
Lugonu accepts your kill. The kobold misses you.
The kobold brigand barely misses you. The kobold completely misses you.
The kobold brigand barely misses you. Space bends violently around you!
You blink.
The kobold brigand blinks!
Fire: a) +0 shortbow
Press: ? - help, Q - select action, (/) - cycle Shift-Dir - straight line, f - kobold
Aim: a kobold, wielding a +0 club and quivering stones (translocational energy, unable to see you, 61% to hit)
You shoot an arrow. The arrow closely misses the kobold.
The kobold completely misses you. The kobold brigand misses you.
Fire: a) +0 shortbow
Press: ? - help, Q - select action, (/) - cycle Shift-Dir - straight line, f/p - kobold
Aim: a kobold, wielding a +0 club and quivering stones (unable to see you, 61% to hit)
You shoot an arrow. The arrow hits the kobold!
You kill the kobold!
Lugonu accepts your kill.
The kobold brigand hits you with a +0 club.
* * * LOW HITPOINT WARNING * * *
The kobold brigand hits you with a +0 club!
You feel threatened and lose the ability to read scrolls!
You die...

## #.. #.<
#...
..##+######
..)...#@..#
....8)K.<.#
..)...#.).#
..##+######
. #... #.<.
#.. ###


You could see a kobold brigand (unable to see you).

Vanquished Creatures
  Sigmund (D:4)
  A water moccasin (D:5)
  A phantom (D:4)
  Blork the orc (D:4)
  2 scorpions
  A hound (D:5)
  2 jellies (D:4)
  An orc priest (D:3)
  An iguana (D:3)
  An orc wizard (D:3)
  A mummy (Ossuary)
  A gnoll (D:1)
  5 adders
  2 dart slugs
  4 orcs
  5 spectral bats (Ossuary)
  2 bats
  9 endoplasms
  3 giant cockroaches
  9 hobgoblins
  4 jackals (D:4)
  4 quokkas
  6 ball pythons
  3 bat simulacra (Ossuary)
  5 frilled lizards
  12 gnoll zombies (Ossuary)
  8 goblins
  3 goblin simulacra (Ossuary)
  5 goblin zombies (Ossuary)
  6 hobgoblin zombies (Ossuary)
  14 kobolds
  5 kobold simulacra (Ossuary)
  5 kobold zombies (Ossuary)
  2 orc zombies (Ossuary)
  6 rats
  2 rat simulacra (Ossuary)
  6 spectral goblins (Ossuary)
  4 spectral rats (Ossuary)
153 creatures vanquished.

Notes
Turn   | Place    | Note
-------+----------+-------------------------------------------
     0 | D:1      | xian the Tengu Hunter began the quest for the Orb.
     0 | D:1      | Reached XP level 1. HP: 12/12 MP: 2/2
    31 | D:1      | Reached XP level 2. HP: 10/17 MP: 3/3
   272 | D:1      | Reached skill level 5 in Ranged Weapons
   590 | D:1      | Reached XP level 3. HP: 21/21 MP: 4/4
  1014 | D:2      | Found a faded altar of an unknown god.
  1034 | D:2      | Prayed at the altar of an unknown god.
  1034 | D:2      | Became a worshipper of Lugonu the Unformed
  1034 | D:2      | Reached * piety under Lugonu
  1034 | D:2      | Reached ** piety under Lugonu
  1116 | D:2      | Reached XP level 4. HP: 15/27 MP: 5/5
  2015 | D:3      | Reached skill level 6 in Ranged Weapons
  2023 | D:3      | Reached skill level 1 in Armour
  2023 | D:3      | Gained mutation: Your magical nature lets you fly swiftly
                  | and evasively. [Tengu growth]
  2023 | D:3      | Reached XP level 5. HP: 26/32 MP: 6/6
  2699 | D:4      | Noticed Sigmund
  3162 | D:4      | Found a sand-covered staircase.
  3171 | Ossuary  | Entered an ossuary
  3222 | Ossuary  | Reached *** piety under Lugonu
  3311 | Ossuary  | Reached XP level 6. HP: 34/35 MP: 7/7
  3611 | Ossuary  | Reached **** piety under Lugonu
  3831 | D:4      | Killed Sigmund
  3832 | D:4      | Reached skill level 7 in Ranged Weapons
  3929 | D:4      | Reached skill level 8 in Ranged Weapons
  3929 | D:4      | Reached XP level 7. HP: 18/41 MP: 8/8
  4040 | D:4      | Noticed Blork the orc
  4060 | D:4      | Killed Blork the orc
  4232 | D:4      | Found a staircase to the Ecumenical Temple.
  4569 | D:5      | Entered Level 5 of the Dungeon
  5138 | D:5      | Reached skill level 1 in Invocations
  5256 | D:5      | Found Etaif's Antique Armour Shoppe.
  5533 | D:6      | Reached skill level 9 in Ranged Weapons
  5533 | D:6      | Reached XP level 8. HP: 42/48 MP: 9/9
  5575 | D:6      | Gained mutation: You occasionally lose the ability to read
                  | scrolls when taking damage. [potion of mutation]
  5575 | D:6      | Gained mutation: You occasionally lose the ability to drink
                  | potions when taking damage. [potion of mutation]
  5575 | D:6      | Lost mutation: You occasionally lose the ability to drink
                  | potions when taking damage. [potion of mutation]
  5581 | D:6      | HP: 1/48 [kobold brigand/+0 club (5)]
  5591 | D:6      | Slain by a kobold brigand

Illustrated notes

Levels and vault maps discovered:
D:1:      dpeg_arrival_rooms_b, layout_basic
D:2:      layout_basic, dreamdust_ecumenical_altar_statues
D:3:      layout_basic
D:4:      layout_cave_pools, minmay_temple_entry_junction,
          nicolae_ossuary_entry_ruins, uniq_blork_the_orc, uniq_sigmund
D:5:      layout_loops_corners, serial_shops, shop, item_on_display_a
D:6:      layout_basic, nicolae_elevator_lobby_plus, uniq_edmund

Skill      XL: |  1  2  3  4  5  6  7 |
---------------+----------------------+-----
Ranged Weapons | 5 6 8 9 |  9.1
Armour         | 1 |  1.4
Fighting       | 3 4 |  4.0
Dodging        | 3 |  3.2
Invocations    | 1 |  1.2
Stealth        | |  1.4

Action                   |  1- 3 |  4- 6 |  7- 9 || total
-------------------------+-------+-------+-------++-------
 Fire: Shortbow          |    78 |   311 |   111 ||   500
Invok: Bend Space        |       |       |     1 ||     1
  Use: Potion            |       |     1 |     6 ||     7
       Scroll            |       |     6 |       ||     6
Armor: Leather armour    |     8 |    48 |       ||    56
       Skin              |       |    18 |       ||    18
       Robe              |       |     1 |     8 ||     9
Dodge: Dodged            |    16 |   140 |    70 ||   226
